 Dungeon Crawl Stone Soup version 0.23.1 (webtiles) character file.

Game seed: 16086800157761090505

45 Ethylacetat the Slasher (level 3, -4/32 HPs)
             Began as a Naga Gladiator on Mar 4, 2019.
             Slain by Natasha (6 damage)
             ... on level 2 of the Dungeon.
             The game lasted 00:01:57 (906 turns).

Ethylacetat the Slasher (Naga Gladiator)             Turns: 906, Time: 00:02:00

Health: -4/32      AC:  3    Str: 17    XL:     3   Next: 64%
Magic:  3/3        EV: 10    Int:  8    God:
Gold:   46         SH:  0    Dex: 12    Spells: 2/2 levels left

rFire    . . .     SeeInvis +   a - +0 long sword
rCold    . . .     Gourm    .   (no shield)
rNeg     . . .     Faith    .   b - +0 leather armour
rPois    +         Spirit   .   c - +0 helmet
rElec    .         Reflect  .   (no cloak)
rCorr    .         Harm     .   (no gloves)
MR       .....                  (no barding)
Stlth    +.........             (no amulet)
HPRegen  0.10/turn              (no ring)
MPRegen  0.08/turn              (no ring)

@: very slow
A: large, see invisible, deformed body, poison resistance, slowness 2, slow
metabolism 1, spit poison 1, AC +1
a: Spit Poison


You were on level 2 of the Dungeon.
You were not hungry.

You visited 1 branch of the dungeon, and saw 2 of its levels.

You collected 46 gold pieces.

Inventory:

Hand Weapons
 a - a +0 long sword (weapon)
Missiles
 d - 3 throwing nets (quivered)
 k - 23 arrows
Armour
 b - a +0 leather armour (worn)
 c - a +0 helmet (worn)
Scrolls
 h - a scroll of enchant armour {unknown}
 i - a scroll of noise {unknown}
 j - a scroll of random uselessness {unknown}
 l - a scroll of amnesia {unknown}
 m - a scroll of teleportation {unknown}
 o - a scroll of remove curse {unknown}
Potions
 e - a potion of flight {unknown}
 n - a potion of ambrosia {unknown}
Comestibles
 f - 2 rations
 g - a chunk of flesh


   Skills:
 + Level 2.1 Fighting
 + Level 3.9 Long Blades
 + Level 1.9 Throwing
 + Level 0.2 Armour
 + Level 2.7 Dodging


You had 2 spell levels left.
You didn't know any spells.
Your spell library was empty.

Dungeon Overview and Level Annotations

Branches:
Dungeon (2/15)

Altars:

Annotations:
D:2 Natasha


Innate Abilities, Weirdness & Mutations

You cannot wear boots.
Your serpentine skin is tough. (AC +1)
You have supernaturally acute eyesight. (SInv)
Armour fits poorly on your strangely shaped body.
Your system is resistant to poisons. (rPois)
You cover ground very slowly.
You have a slow metabolism.
You can spit poison.


Message History

The adder barely misses you. The adder bites you.
You hit the adder.
You kill the adder!
The bat hits you but does no damage. Natasha claws you.
The shadow imp hits you but does no damage.
Natasha closely misses you.
You closely miss the shadow imp. The bat closely misses you.
You riposte.
You closely miss the bat.
The crimson imp blinks!
The shadow imp hits you. Natasha claws you!
The shadow imp shouts, "Escape, thou bumbling moon-mazed swadder!"
The bat hits you but does no damage.
You miss the bat. The bat closely misses you.
You riposte.
You barely miss the bat. The bat hits you but does no damage.
The shadow imp gestures at you. Pain shoots through your body!
* * * LOW HITPOINT WARNING * * *
The quokka twitches its whiskers.
Natasha claws you.
You die...

#############
#...#.....[.#
#.#.#.#####.#
#######.#.#.#...#.#
.......5b@.>....#.#
....##.#h..##.##.#
#.....†...#.......#
...............#######
....................<#
..........5.....######
.?..............#
...........÷....#
................#


You could see Natasha, a crimson imp, a shadow imp and a bat.

Vanquished Creatures
  A gnoll (D:1)
  An adder (D:2)
  A dart slug (D:1)
  4 bats
  2 giant cockroaches (D:1)
  A goblin (D:1)
  4 hobgoblins (D:1)
  2 frilled lizards (D:1)
  3 kobolds (D:1)
  4 rats (D:1)
23 creatures vanquished.

Notes
Turn   | Place    | Note
-------+----------+-------------------------------------------
     0 | D:1      | Ethylacetat the Naga Gladiator began the quest for the Orb.
     0 | D:1      | Reached XP level 1. HP: 19/19 MP: 1/1
   181 | D:1      | Reached XP level 2. HP: 25/26 MP: 2/2
   398 | D:1      | Reached XP level 3. HP: 13/32 MP: 3/3
   895 | D:2      | Noticed Natasha
   906 | D:2      | Slain by Natasha

Action                   || total
-------------------------++-------
Melee: Long sword        ||    58
Armor: Leather armour    ||    34
Dodge: Dodged            ||    43
       Rpst.: Long sword ||    14
